 Dungeon Crawl Stone Soup version 0.27.0-1-g7a089689b8 (webtiles) character file.

Game seed: 9986317612819516792

45754 freelancePsychic the Severer (level 14, -11/129 HPs)
             Began as a Hill Orc Abyssal Knight on Aug 11, 2021.
             Was an Elder of Lugonu.
             Mangled by a komodo dragon (23 damage)
             ... on level 6 of the Lair of Beasts.
             The game lasted 00:38:27 (25124 turns).

freelancePsychic the Severer (HOAK)                Turns: 25124, Time: 00:38:27

Health: -11/129    AC: 19    Str: 20    XL:     14   Next: 34%
Magic:  24/24      EV:  7    Int: 12    God:    Lugonu [****..]
Gold:   783        SH:  0    Dex: 10    Spells: 13/13 levels left

rFire    + . .     SeeInvis .   h - +4 battleaxe (flame)
rCold    + . .     Faith    +   (shield currently unavailable)
rNeg     . . .     Spirit   .   I - +0 plate armour
rPois    .         Reflect  .   F - +0 helmet
rElec    .         Harm     .   (no cloak)
rCorr    .         Rampage  .   E - +0 pair of gloves
Will     +....                  u - +1 pair of boots
Stlth    ..........             x - amulet of faith
HPRegen  0.31/turn              c - ring of protection from fire
MPRegen  0.19/turn              w - ring of protection from cold

@: no status effects
A: no striking features
a: Renounce Religion, Depart the Abyss, Bend Space, Banish, Corrupt


You were on level 6 of the Lair of Beasts.
You worshipped Lugonu.
Lugonu was greatly pleased with you.
You visited 2 branches of the dungeon, and saw 16 of its levels.
You visited the Abyss 1 time.

You collected 935 gold pieces.
You spent 152 gold pieces at shops.

Inventory:

Hand Weapons
 h - a +4 battleaxe of flaming (weapon)
 j - a +1 war axe
Missiles
 g - 6 javelins
 t - 2 throwing nets
 C - 8 boomerangs
Armour
 m - a +0 tower shield
 u - a +1 pair of boots (worn)
 E - a +0 pair of gloves (worn)
 F - a +0 helmet (worn)
 I - a +0 plate armour (worn)
Jewellery
 c - a ring of protection from fire (left hand)
 f - a +6 ring of intelligence
 w - a ring of protection from cold (right hand)
 x - an amulet of faith (around neck)
 y - a +6 ring of dexterity
Wands
 b - a wand of digging (6)
 l - a wand of polymorph (7)
 p - a wand of iceblast (7)
 s - a wand of flame (35)
 J - a wand of acid (12)
 L - a wand of paralysis (27)
Scrolls
 a - 4 scrolls of silence
 d - a scroll of holy word
 i - 2 scrolls of immolation
 n - 8 scrolls of amnesia
 q - 3 scrolls of enchant weapon
 r - 5 scrolls of vulnerability
 G - 3 scrolls of identify {@r1}
Potions
 e - 3 potions of degeneration
 k - 2 potions of magic
 v - a potion of cancellation {unknown}
 z - 2 potions of brilliance {unknown}
 B - 2 potions of mutation {unknown}
 D - a potion of might {unknown}
 H - a potion of flight {unknown}
 K - a potion of lignification {unknown}


   Skills:
 + Level 13.2 Fighting
 - Level 20.0 Axes
 + Level 10.0 Armour
 + Level 2.0 Dodging
 - Level 14.2 Invocations


You had 13 spell levels left.
You didn't know any spells.
Your spell library contained the following spells:

 Spells                   Type           Power      Damage    Failure   Level
 Freeze                   Ice            0%         1d3       99%         1
 Summon Small Mammal      Summ           0%         N/A       99%         1
 Passwall                 Tmut/Erth      0%         N/A       100%        2
 Call Canine Familiar     Summ           0%         N/A       100%        3
 Frozen Ramparts          Ice            0%         1d2       100%        3
 Summon Guardian Golem    Hex/Summ       0%         N/A       100%        3
 Swiftness                Air            0%         N/A       100%        3
 Hailstorm                Conj/Ice       0%         3d3       100%        4
 Petrify                  Tmut/Erth      0%         N/A       100%        4
 Iskenderun's Battlesphe  Conj           0%         2d6       100%        5
 Metabolic Englaciation   Hex/Ice        0%         N/A       100%        5
 Invisibility             Hex            0%         N/A       100%        6
 Iron Shot                Conj/Erth      0%         9d1       100%        6
 Statue Form              Tmut/Erth      0%         N/A       100%        6
 Spellforged Servitor     Conj/Summ      0%         N/A       100%        7


Dungeon Overview and Level Annotations

Branches:
Dungeon (10/15)            Temple (0/1) D:6            Lair (6/6) D:8
  Swamp (0/4) Lair:2        Snake (0/4) Lair:4        Slime (0/5) Lair:5
    Orc (0/2) D:10

Altars:
Fedhas
Ru
Jiyva

Shops:
D:2 ?   D:10 [

Annotations:
D:2 1 runed translucent door, Crazy Yiuf
D:4 3 runed translucent doors, COBRA's ghost, weakling HOFi; boopsy's ghost, amateur TrFE; bronco's ghost, amateur OgWz
Lair:4 exclusion: 3 oklob plants
Abyss:1 Erica; Gastronok; Maggie


Message History

The dream sheep is heavily wounded.
The dream sheep barely misses you.
You slice the dream sheep like a ripe choko!!!
You burn the dream sheep.
You kill the dream sheep!
Lugonu accepts your kill. The ice encasing you melts away.
You slash the basilisk! You burn the basilisk.
The basilisk is moderately wounded.
The dream sheep shakes its wool and sparkles.
You feel drowsy...
You fall asleep.
The basilisk gazes at you.
You easily resist.
The basilisk barely misses you. The basilisk gazes at you.
You easily resist.
The basilisk barely misses you. The basilisk bites you!!!
You wake up.
* * * LOW HITPOINT WARNING * * *
Unknown command.
As you read the scroll of teleportation {@r4}, it crumbles to dust.
You feel strangely unstable. The basilisk bites you!
* * * LOW HITPOINT WARNING * * *
You feel better. The basilisk gazes at you.
You easily resist.
The basilisk gazes at you.
You easily resist.
The basilisk gazes at you.
You easily resist.
Your surroundings suddenly seem different.
The polar bear growls angrily. x2
A rime drake comes into view.
The rime drake hisses angrily.
A komodo dragon comes into view.
The komodo dragon hisses angrily.
Found 10 gold pieces and a potion of degeneration.
Okay, then.
The komodo dragon bites you!!
You die...

#.#...Y........,...#.*
#!......)......,....#**
*#......k.......,...#,.*
*,#............##.....#*
*###...,.......#..#...##*
#.....*.#.#.....###....##
*##.....#.#........#.!.#...
*.....h..###.......:.####..
*#....h...@............#.#.
#.......l.............#.##
##....#..#######.....Yl##
###.###..,,,,,#......Y.##
#.* ###$,,,,#.......... #**
*.,,,,#.......... ****
*,.,,,#...<......
*,,******,,,,,#..........
*,,,,,,**######.........)


You could see 2 polar bears and a komodo dragon.

Vanquished Creatures
  Fannar (Lair:2)
  Harold (D:7)
  A boulder beetle (Lair:5)
  3 hydras
  A merfolk avatar (Lair:6)
  A catoblepas (Lair:6)
  A death yak (Lair:5)
  4 harpies (Lair:6)
  3 manticores (Lair:6)
  9 elephants
  11 cane toads
  A torpor snail (Lair:5)
  Joseph (Lair:1)
  2 black mambas
  6 komodo dragons
  Psyche (D:8)
  5 rime drakes
  3 trolls
  2 polar bears (Lair:6)
  A hornet (Lair:6)
  A tyrant leech (Lair:2)
  A wind drake (Lair:6)
  3 dream sheep (Lair:6)
  2 blink frogs (Lair:6)
  A wraith (D:10)
  32 yaks
  5 wyverns
  Grum (D:8)
  8 basilisks
  14 water moccasins
  Duvessa (D:7)
  4 black bears
  4 orc warriors
  2 sky beasts
  2 ice beasts (D:7)
  A necrophage (D:6)
  14 wolves
  3 ogres
  3 centaurs
  A phantom (D:6)
  Blork the orc (D:5)
  3 kobold brigands
  A scorpion (D:7)
  7 bullfrogs
  4 gnoll sergeants
  Dowan (D:7)
  A water moccasin skeleton (D:6)
  12 killer bees
  A wight (D:6)
  6 electric eels
  6 howler monkeys
  A bullfrog zombie (D:5)
  2 centaur zombies
  15 hounds
  2 centaur skeletons
  3 orc priests
  2 gnoll shamans (D:5)
  Ijyb (D:3)
  An iguana (D:7)
  A hell rat (Lair:5)
  6 orc wizards
  A hound skeleton (D:4)
  16 gnolls
  6 adders
  2 white imps
  An adder skeleton (D:4)
  A worm (D:3)
  3 dart slugs
  31 orcs
  5 bats
  2 endoplasms
  4 giant cockroaches
  5 goblins
  4 hobgoblins
  4 jackals
  19 kobolds
  6 quokkas
  3 ball pythons
  3 frilled lizards
  3 rats
  2 rat zombies (D:5)
359 creatures vanquished.

Vanquished Creatures (others)
  Eustachio (D:6)
  2 ice beasts (D:6)
  A scorpion (D:6)
  4 wights (D:6)
  37 fungi
  76 plants
121 creatures vanquished.

Grand Total: 480 creatures vanquished

Notes
Turn   | Place    | Note
-------+----------+-------------------------------------------
     0 | Abyss:1  | freelancePsychic the Hill Orc Abyssal Knight began the
                  | quest for the Orb.
     0 | Abyss:1  | Reached XP level 1. HP: 19/19 MP: 2/2
    84 | Abyss:1  | Noticed a starcursed mass
    85 | D:1      | Escaped the Abyss
   135 | D:1      | Reached skill level 3 in Axes
   173 | D:1      | Reached XP level 2. HP: 16/27 MP: 4/4
   410 | D:1      | Found a faded altar of an unknown god.
   467 | D:1      | Reached * piety under Lugonu
   842 | D:1      | Reached skill level 4 in Axes
   842 | D:1      | Reached XP level 3. HP: 27/33 MP: 5/5
  1217 | D:2      | Reached XP level 4. HP: 40/40 MP: 6/6
  1336 | D:2      | Found a runed translucent door.
  1337 | D:2      | Noticed Crazy Yiuf
  1395 | D:2      | Found Utraveug's Magic Scroll Emporium.
  1557 | D:3      | Noticed Ijyb
  1577 | D:3      | Killed Ijyb
  2006 | D:3      | Noticed an ogre
  2538 | D:3      | Reached skill level 5 in Axes
  2538 | D:3      | Reached XP level 5. HP: 47/47 MP: 7/7
  2628 | D:4      | Found a runed translucent gate.
  2803 | D:4      | Found a runed translucent gate.
  2804 | D:4      | Found a runed translucent gate.
  2805 | D:4      | Noticed bronco's ghost (amateur OgWz)
  2806 | D:4      | Noticed COBRA's ghost (weakling HOFi)
  2806 | D:4      | Noticed boopsy's ghost (amateur TrFE)
  2857 | D:4      | Reached ** piety under Lugonu
  3159 | D:4      | Noticed a black bear
  3199 | D:5      | Entered Level 5 of the Dungeon
  3199 | D:5      | Noticed an ogre
  3202 | D:5      | Noticed a black bear
  3202 | D:5      | Noticed an ogre
  3206 | D:6      | Noticed a necrophage
  3214 | D:6      | Killed a necrophage
  3215 | D:6      | Reached skill level 5 in Fighting
  3215 | D:6      | Reached skill level 6 in Axes
  3215 | D:6      | Reached XP level 6. HP: 55/56 MP: 9/9
  3219 | D:6      | Found a staircase to the Ecumenical Temple.
  3221 | D:6      | Noticed Eustachio
  3349 | D:6      | Noticed an ice beast
  3399 | D:6      | Reached skill level 5 in Invocations
  3419 | D:6      | Killed an ice beast
  3808 | D:6      | Killed an ice beast
  3838 | D:6      | Reached skill level 7 in Axes
  3869 | D:6      | Reached XP level 7. HP: 42/62 MP: 10/10
  3967 | D:5      | Noticed Blork the orc
  4307 | D:6      | Reached skill level 8 in Axes
  4352 | D:6      | HP: 2/63 [ogre (17)]
  4354 | D:6      | Reached XP level 8. HP: 3/71 MP: 12/12
  4580 | D:6      | Killed Eustachio
  4971 | D:5      | Reached skill level 9 in Axes
  6277 | D:5      | Killed Blork the orc
  6278 | D:5      | Reached skill level 10 in Axes
  6484 | D:5      | Reached *** piety under Lugonu
  7273 | D:5      | Reached XP level 9. HP: 41/79 MP: 14/14
  8452 | D:7      | Noticed Duvessa
  8452 | D:7      | Noticed Dowan
  8704 | D:7      | Reached skill level 11 in Axes
  8722 | D:7      | Noticed Harold
  9042 | D:7      | Killed Harold
  9043 | D:7      | Reached skill level 12 in Axes
  9201 | D:7      | Killed Duvessa
  9283 | D:7      | Killed Dowan
  9520 | D:7      | Noticed Maggie
  9525 | D:7      | Banished Maggie
  9526 | D:7      | Reached XP level 10. HP: 73/91 MP: 3/16
 10205 | D:7      | Reached skill level 13 in Axes
 10362 | D:8      | Noticed Psyche
 10522 | D:8      | Killed Psyche
 10715 | D:8      | Noticed Grum
 11089 | D:8      | Killed Grum
 11471 | D:8      | Found a staircase to the Lair.
 11622 | D:8      | Found a sacrificial altar of Ru.
 11692 | D:8      | Noticed Erica
 11699 | D:8      | Banished Erica
 11700 | D:8      | Reached skill level 10 in Fighting
 11700 | D:8      | Reached skill level 14 in Axes
 11700 | D:8      | Reached skill level 5 in Armour
 12448 | D:9      | Reached XP level 11. HP: 68/101 MP: 17/17
 12449 | D:9      | Reached **** piety under Lugonu
 13449 | D:10     | Entered Level 10 of the Dungeon
 13479 | D:10     | Noticed a two-headed ogre
 13492 | D:10     | Reached skill level 15 in Axes
 13494 | D:10     | Banished a two-headed ogre
 13560 | D:10     | Found a staircase to the Orcish Mines.
 13575 | D:10     | Found Fitonaig's Armour Emporium.
 13592 | D:10     | Bought a +0 pair of gloves for 76 gold pieces
 13597 | D:10     | Bought a +0 helmet for 76 gold pieces
 13919 | D:10     | Reached ***** piety under Lugonu
 14510 | Lair:1   | Entered Level 1 of the Lair of Beasts
 14513 | Lair:1   | Noticed Joseph
 14520 | Lair:1   | Killed Joseph
 14626 | Lair:1   | Reached skill level 10 in Invocations
 14638 | Lair:1   | Noticed Gastronok
 14641 | Lair:1   | Banished Gastronok
 14642 | Lair:1   | Reached skill level 16 in Axes
 14886 | Lair:1   | Reached XP level 12. HP: 62/110 MP: 19/19
 16256 | Lair:2   | Noticed Fannar
 16275 | Lair:2   | Killed Fannar
 16560 | Lair:2   | Identified the +1 mace of the Magi {elec, Int+4}
 16689 | Lair:2   | Found a staircase to the Swamp.
 17582 | Lair:3   | You fall into a shaft and drop 3 floors!
 17582 | Lair:6   | Entered Level 6 of the Lair of Beasts
 17583 | Lair:6   | Noticed a boulder beetle
 17584 | Lair:6   | Banished a boulder beetle
 17585 | Lair:6   | Reached skill level 17 in Axes
 17843 | Lair:5   | Found a staircase to the Slime Pits.
 17843 | Lair:5   | Found a viscous altar of Jiyva.
 18073 | Lair:5   | Noticed a boulder beetle
 18076 | Lair:5   | Banished a boulder beetle
 18161 | Lair:5   | Noticed a death yak
 18172 | Lair:5   | Killed a death yak
 18230 | Lair:4   | Reached skill level 18 in Axes
 18278 | Lair:4   | You fall into a shaft and drop 2 floors!
 18278 | Lair:6   | Noticed a six-headed hydra
 18281 | Lair:6   | Reached XP level 13. HP: 92/118 MP: 22/22
 18955 | Lair:5   | Identified the +0 robe "Joriahie" {Int+6 SInv}
 20163 | Lair:4   | Reached skill level 19 in Axes
 20413 | Lair:4   | Found a blossoming altar of Fedhas.
 20845 | Lair:4   | Found a staircase to the Snake Pit.
 21169 | Lair:3   | You fall into a shaft and drop 3 floors!
 21911 | Lair:6   | Reached skill level 20 in Axes
 23752 | Lair:5   | Reached XP level 14. HP: 36/127 MP: 19/24
 24769 | Lair:6   | Reached skill level 1 in Dodging
 25106 | Lair:6   | Reached skill level 10 in Armour
 25118 | Lair:6   | HP: 2/129 [basilisk (10)]
 25124 | Lair:6   | Mangled by a komodo dragon

Illustrated notes

Levels and vault maps discovered:
D:1:      psy_arrival_terrarium, layout_rooms,
          shapermc_ecumenical_altar_totnotflames
D:2:      layout_loops_cross, serial_shops, nicolae_shop_stone,
          uniq_crazy_yiuf_cottage
D:3:      minmay_skewed_foursquare, layout_basic, uniq_ijyb
D:4:      layout_gridville, gammafunk_ghost_cemetery, minmay_misc_feat_plants,
          minmay_misc_feat_doors
D:5:      layout_cave_pools, enter_ossuary_4, serial_gnoll_camp,
          gnoll_camp_huts_basic, gnoll_camp_mini_hut, gnoll_camp_mini_loothouse,
          gnoll_camp_mini_hut, minmay_misc_feat_ornament, uniq_blork_the_orc
D:6:      layout_rooms, minmay_temple_entry_glass, lemuel_flamethrower_2,
          uniq_eustachio
D:7:      layout_cave_pools, hangedman_abyss_or_decor_stabs, uniq_harold,
          uniq_duvessa, uniq_maggie
D:8:      layout_cave_pods, hangedman_ru_absence, erik_lair_island, uniq_grum,
          uniq_erica, uniq_psyche
D:9:      layout_basic
D:10:     layout_roguey [special_room_bee], orc_david_3
Lair:1:   layout_roguey, uniq_joseph, uniq_gastronok
Lair:2:   layout_cave_pods, minmay_swamp_entry_worms, beast_lair_carwin_5,
          uniq_fannar
Lair:3:   layout_roguey, special_room, st_stairs_4, minivault_11, minivault_25,
          chequers_serial_rivers_micro_b
Lair:4:   layout_regular_city, dummy_snake_entry, st_stairs_6, tgw_fedhas,
          minmay_lair_oklob_chamber
Lair:5:   layout_regular_city, slime_altar_1, serial_bayou_ford_a,
          nicolae_quartered_pool_super, nzn_sisyphean_effort
Lair:6:   gammafunk_lair_ancient_temple, layout_cave_pods, special_room
          [special_room_mythical_zoo], lemuel_fruit_fields, lemuel_fruit_tree

Skill      XL: |  1  2  3  4  5  6  7  8  9 10 11 12 13 14 |
---------------+-------------------------------------------+-----
Axes           | 3 4 5 6 7 8 10 12 14 16 18 20 | 20.0
Invocations    | 3 4 5 6 7 9 10 12 14 | 14.2
Fighting       | 4 5 6 7 9 10 11 12 13 | 13.2
Armour         | 3 5 7 8 10 | 10.0
Dodging        | 2 |  2.0

Action                   |  1- 3 |  4- 6 |  7- 9 | 10-12 | 13-15 || total
-------------------------+-------+-------+-------+-------+-------++-------
Melee: Hand axe          |    70 |       |       |       |       ||    70
       War axe           |    13 |   161 |       |       |       ||   174
       Battleaxe         |       |     3 |   206 |   458 |   341 ||  1008
Invok: Depart the Abyss  |     1 |       |       |       |       ||     1
       Banish            |       |       |     4 |    19 |    12 ||    35
Evoke: Wand              |       |     1 |     9 |     2 |     4 ||    16
  Use: Potion            |     1 |     5 |     1 |     2 |     4 ||    13
       Scroll            |     1 |     8 |     6 |     9 |     4 ||    28
 Stab: Invisible         |       |       |       |     2 |       ||     2
       Petrified         |       |       |       |       |     2 ||     2
Armor: Leather armour    |    38 |       |       |       |       ||    38
       Chain mail        |     1 |   119 |   113 |   257 |    53 ||   543
       Plate armour      |       |       |       |       |   173 ||   173
Dodge: Dodged            |    76 |    73 |    90 |   173 |    98 ||   510
